 Dungeon Crawl Stone Soup version 0.25-a0-737-g26c3a87c45 (webtiles) character file.

Game seed: 8001260742993510476, levelgen mode: deterministic

21 Maedhros the Sneak (level 2, -4/18 HPs)
             Began as an Octopode Artificer on Apr 12, 2020.
             Killed from afar by a dart slug (6 damage)
             ... with a slug dart
             ... on level 1 of the Dungeon.
             The game lasted 00:00:33 (417 turns).

Maedhros the Sneak (Octopode Artificer)              Turns: 417, Time: 00:00:33

Health: -4/18      AC:  1    Str: 11    XL:     2   Next: 87%
Magic:  4/4        EV: 13    Int: 13    God:
Gold:   19         SH:  0    Dex: 12    Spells: 1/1 levels left

rFire    . . .     SeeInvis .   j - -1 dagger (curse)
rCold    . . .     Gourm    .   (no shield)
rNeg     . . .     Faith    .   (helmet restricted)
rPois    .         Spirit   .   (no amulet)
rElec    .         Reflect  .   (no ring)
rCorr    .         Harm     .   (no ring)
MR       .....                  (no ring)
Stlth    +++.......             (no ring)
HPRegen  0.06/turn              (no ring)
MPRegen  0.09/turn              (no ring)
                                (no ring)
                                (no ring)

@: no status effects
A: almost no armour, stealthy swim, amphibious, 8 rings, constrict 8, camouflage
1, gelatinous body 1
a: no special abilities


You were on level 1 of the Dungeon.
You were not hungry.

You visited 1 branch of the dungeon, and saw 1 of its levels.

You collected 19 gold pieces.

Inventory:

Hand Weapons
 a - a +0 short sword
 j - a cursed -1 dagger (weapon)
Missiles
 h - 7 curare-tipped darts (quivered)
Wands
 b - a wand of flame (15)
 c - a wand of enslavement (15)
 d - a wand of random effects (15)
Scrolls
 e - 2 scrolls of identify {unknown}
 g - a scroll of fear {unknown}
 i - a scroll of teleportation {unknown}
Potions
 k - a potion of brilliance {unknown}
Comestibles
 f - 2 rations


   Skills:
 - Level 1.0 Fighting
 - Level 1.0 Short Blades
 - Level 2.0 Dodging
 + Level 4.0 Stealth
 - Level 3.2 Evocations


You had one spell level left.
You didn't know any spells.
Your spell library was empty.

Dungeon Overview and Level Annotations

Branches:
Dungeon (1/15)

Altars:


Innate Abilities, Weirdness & Mutations

You cannot wear most types of armour.
You are very stealthy in the water. (Stealth+)
You are amphibious.
You can wear up to eight rings at the same time.
You can use your tentacles to constrict eight enemies at once.
Your skin changes colour to match your surroundings (Stealth+).
Your rubbery body absorbs attacks. (AC +1, EV +1)


Message History

You are too injured to fight recklessly!
You hit the dart slug. You grab the dart slug.
The dart slug is moderately wounded.
You constrict the dart slug. The dart slug launches a dart at you.
The slug dart hits you.
* * * LOW HITPOINT WARNING * * *
You are too injured to fight recklessly!
A dart slug is nearby!
A dart slug is nearby!
You are too injured to fight recklessly!
You hit the dart slug but do no damage.
The dart slug is heavily wounded.
You constrict the dart slug. You hit the dart slug.
The dart slug is almost dead.
You constrict the dart slug. The dart slug launches a dart at you.
The slug dart hits you.
You die...

.. .. ### ##. #.. ...
#.. #.# #####.. #.#
###...†..
###.#######.####...###..
....(.w@....)....### #).
#...######..###### ##..
. #.........# ####..#
#.....†...# #....##
#.........# #.#####
...........###.# #.
...........##..# #.
.#.........##.## #.
#.........##.# ##.


You could see a dart slug.

Vanquished Creatures
  An ooze (D:1)
  A ball python (D:1)
  A giant cockroach (D:1)
  3 goblins (D:1)
  2 hobgoblins (D:1)
  2 kobolds (D:1)
  2 bats (D:1)
  4 rats (D:1)
16 creatures vanquished.

Notes
Turn   | Place    | Note
-------+----------+-------------------------------------------
     0 | D:1      | Maedhros the Octopode Artificer began the quest for the
                  | Orb.
     0 | D:1      | Reached XP level 1. HP: 13/13 MP: 3/3
    34 | D:1      | Reached skill level 2 in Stealth
    35 | D:1      | Reached XP level 2. HP: 11/18 MP: 4/4
    39 | D:1      | Reached skill level 3 in Stealth
   301 | D:1      | Reached skill level 4 in Stealth
   417 | D:1      | Killed from afar by a dart slug

Levels and vault maps discovered:
D:1:      sevenhm_arrival_forest_fort_small_4, layout_rooms

Skill      XL: |  1  2 |
---------------+-------+-----
Stealth        | 2 4 |  4.0
Fighting       | |  1.0
Short Blades   | |  1.0
Dodging        | |  2.0
Evocations     | |  3.2

Action                   || total
-------------------------++-------
Melee: Short sword       ||    22
       Dagger            ||    13
       Constrict         ||     7
       Tentacles         ||     6
 Stab: Distracted        ||     1
Armor: Skin              ||     3
Dodge: Dodged            ||    40

Table legend:
 A = Non-vault XP
 B = Vault XP
 C = Vault XP percentage of total XP
 D = Non-vault monster count
 E = Vault monster count
 F = Vault count percentage of total count
                 A         B        C        D         E       F
            +---------+---------+-------+---------+---------+-------
      Total |      31 |       0 |   0.0 |      16 |       0 |   0.0
            +---------+---------+-------+---------+---------+-------
        D:1 |      31 |       0 |   0.0 |      16 |       0 |   0.0
            +---------+---------+-------+---------+---------+-------
